 Dungeon Crawl Stone Soup version 0.30-a0-341-g682706514a (webtiles) character file.

Game seed: 3875086947199571973

1302 Muataran the Cleaver (level 8, -2/70 (71) HPs)
             Began as a Hill Orc Fighter on Nov 1, 2022.
             Slain by a wight
             ... wielding a +0 spear
              (5 damage)
             ... on level 7 of the Dungeon.
             The game lasted 00:06:00 (3775 turns).

Muataran the Cleaver (Hill Orc Fighter)             Turns: 3775, Time: 00:06:01

HP:   -2/70 (71)    AC: 19    Str: 21    XL:     8   Next: 57%
MP:   8/8           EV:  6    Int:  8    God:
Gold: 267           SH:  5    Dex: 10    Spells: 7/7 levels left

rFire   . . .      SeeInvis .    a - +0 war axe (protect)
rCold   . . .      Faith    .    c - +0 buckler
rNeg    . . .      Spirit   .    k - +0 plate armour
rPois   .          Reflect  .    (no helmet)
rElec   .          Harm     .    (no cloak)
rCorr   .          Rampage  .    g - +2 pair of gloves
Will    .....                    (no boots)
Stlth   ..........               (no amulet)
HPRegen 0.31/turn                (no ring)
MPRegen 0.11/turn                (no ring)

@: corroded, under a protective aura, lightly drained
A: no striking features
a: no special abilities


You were on level 7 of the Dungeon.
You visited 1 branch of the dungeon, and saw 7 of its levels.

You collected 267 gold pieces.

Inventory:

Hand Weapons
 a - a +0 war axe of protection (weapon)
Armour
 c - a +0 buckler (worn)
 g - a +2 pair of gloves (worn)
 k - a +0 plate armour (worn)
Wands
 q - a wand of digging (8)
 r - a wand of roots (6)
Scrolls
 b - 3 scrolls of identify {unknown}
 d - 2 scrolls of amnesia {unknown}
 i - a scroll of magic mapping {unknown}
 t - a scroll of blinking {unknown}
 u - a scroll of butterflies {unknown}
Potions
 e - a potion of mutation {unknown}
 f - 3 potions of heal wounds {unknown}
 h - a potion of haste {unknown}
 j - a potion of berserk rage {unknown}
 l - a potion of attraction {unknown}
 m - a potion of cancellation {unknown}
 n - 2 potions of degeneration {unknown}
 o - a potion of magic {unknown}
 p - 2 potions of curing


   Skills:
 + Level 6.6 Fighting
 * Level 9.3 Axes
 + Level 6.1 Armour
 - Level 5.0 Shields


You had 7 spell levels left.
You didn't know any spells.
Your spell library was empty.

Dungeon Overview and Level Annotations

Branches:
Dungeon (7/15)
 Temple: D:4-7

Altars:
Ashenzari
Kikubaaqudgha
Uskayaw


Message History

The splash of acid hits you but does no damage.
The kobold demonologist hits you but does no damage.
You block the wight's attack.
You hear an angry growl.
You hear a shout!
You barely miss the kobold demonologist.
The kobold demonologist is heavily wounded.
You hit the sky beast but do no damage. You hit the ice devil.
You hit the quasit but do no damage. You hit the crimson imp.
You closely miss the acid dragon.
The quasit bites you but does no damage.
The quasit barely misses you.
The quasit claws you but does no damage.
The ice devil hits you. The ice devil freezes you!
* * * LOW HITPOINT WARNING * * *
The kobold demonologist hits you but does no damage.
The acid dragon bites you but does no damage.
The acid dragon claws you but does no damage.
The sky beast hits you but does no damage.
The wight hits you from afar with a +0 spear.
* * * LOW HITPOINT WARNING * * *
You feel drained.
* * * LOW HITPOINT WARNING * * *
The crimson imp hits you but does no damage.
Okay, then.
Okay, then.
As you read the scroll of fear, it crumbles to dust.
You assume a fearsome visage.
The water moccasin looks frightened!
The wight is unaffected.
The orc looks frightened!
The acid dragon looks frightened!
The quasit looks frightened!
The kobold demonologist looks frightened!
The ice beast looks frightened!
The sky beast looks frightened!
The ice devil looks frightened!
The iron imp looks frightened!
The orc warrior looks frightened!
The crimson imp looks frightened!
The sky beast flickers out of sight!
Deactivating autopickup; reactivate with Ctrl-A.
The wight hits you but does no damage.
The crimson imp blinks!
You miss the water moccasin. The water moccasin bites you.
* * * LOW HITPOINT WARNING * * *
The wight hits you from afar with a +0 spear.
You die...

##...## .... .... #....##
#...# . ...... #......
#.Yo#.#....... #......
#...#....... #......
.....S..4.############
...#zh.#...##...##...##
#...#S#....#........>##
.#...#@...5#.........##
....D...ยง...#...........
#..o#...#..####..##...##
)#...#(#K.$.###..##...##
.#5.5#......#..........
............#........##
....#.(.#....#........##
....+...#....#..........
.. #...#....'..........


You could see an ice devil (summoned, fleeing), a kobold demonologist (fleeing),
an orc warrior (fleeing), a water moccasin, an acid dragon (fleeing), an ice
beast (fleeing), a hound, an iron imp (summoned, fleeing), a wight, a quasit
(summoned, fleeing), a crimson imp (summoned, fleeing) and an orc (fleeing).

Vanquished Creatures
  2 ice beasts
  2 ogres
  A phantom (D:4)
  2 kobold brigands
  A necrophage (D:5)
  2 scorpions (D:5)
  A howler monkey (D:4)
  2 orc priests (D:6)
  A jelly (D:6)
  A gnoll bouda (D:7)
  3 hounds
  4 iguanas (D:5)
  2 orc wizards
  4 gnolls (D:6)
  6 adders
  An ufetubus (D:5)
  A worm (D:5)
  2 dart slugs
  4 orcs (D:5)
  A ball python (D:4)
  2 endoplasms (D:3)
  5 giant cockroaches
  2 goblins
  7 hobgoblins
  7 kobolds
  2 quokkas
  3 bats
  5 frilled lizards
  2 rats (D:3)
78 creatures vanquished.

Vanquished Creatures (others)
  A fungus (D:6)
1 creature vanquished.

Grand Total: 79 creatures vanquished

Notes
Turn   | Place    | Note
-------+----------+-------------------------------------------
     0 | D:1      | Muataran the Hill Orc Fighter began the quest for the Orb.
     0 | D:1      | Reached XP level 1. HP: 19/19 MP: 1/1
   130 | D:1      | Reached skill level 3 in Axes
   150 | D:1      | Reached XP level 2. HP: 27/27 MP: 2/2
   297 | D:2      | Reached XP level 3. HP: 31/33 MP: 3/3
   423 | D:2      | Reached skill level 4 in Axes
   423 | D:2      | Reached XP level 4. HP: 40/40 MP: 4/4
   844 | D:3      | Found a broken altar of Ashenzari.
  1015 | D:4      | Noticed an ogre
  1043 | D:4      | Noticed a phantom
  1069 | D:4      | Killed a phantom
  1070 | D:4      | Reached XP level 5. HP: 39/47 MP: 5/5
  1254 | D:4      | Reached skill level 5 in Axes
  1264 | D:4      | Noticed a kobold brigand
  1270 | D:4      | HP: 2/47 [poisoned by a kobold brigand (curare-tipped
                  | dart)]
  1275 | D:4      | Killed a kobold brigand
  1276 | D:4      | Reached XP level 6. HP: 12/53 MP: 6/6
  1741 | D:4      | Reached skill level 6 in Axes
  1741 | D:4      | Reached skill level 5 in Shields
  1783 | D:5      | Entered Level 5 of the Dungeon
  1831 | D:5      | Reached skill level 5 in Fighting
  1831 | D:5      | Reached XP level 7. HP: 54/61 MP: 7/7
  2153 | D:5      | Found an ancient bone altar of Kikubaaqudgha.
  2204 | D:5      | Reached skill level 7 in Axes
  2395 | D:5      | Reached skill level 5 in Armour
  2802 | D:6      | Reached skill level 8 in Axes
  2803 | D:6      | Reached XP level 8. HP: 31/70 MP: 8/8
  3373 | D:6      | Noticed a +0 falchion
  3373 | D:6      | Noticed a +0 short sword
  3375 | D:6      | Noticed a +0 short sword
  3375 | D:6      | Noticed a +0 spear
  3375 | D:6      | Noticed a +0 falchion
  3376 | D:6      | Noticed a +0 dagger
  3377 | D:6      | Noticed a +0 dagger
  3377 | D:6      | Noticed a +0 spear
  3387 | D:6      | Found a hide-covered altar of Uskayaw.
  3746 | D:7      | Reached skill level 9 in Axes
  3750 | D:7      | Noticed a kobold demonologist
  3770 | D:7      | Noticed an ice devil
  3775 | D:7      | HP: 3/70 [water moccasin (1)]
  3775 | D:7      | Slain by a wight

Illustrated notes

Levels and vault maps discovered:
D:1:      minmay_arrival_glassed_features, layout_loops_ring
D:2:      layout_basic, hellmonk_ecumenical_altar_zigzags,
          minmay_stone_trees_small
D:3:      layout_basic, lemuel_round_altar
D:4:      cheibrodos_thug_alley, layout_loops_cross,
          minmay_temple_entry_statues_pillars, serial_glass, glass_columns_a,
          glass_columns_b, uniq_crazy_yiuf_cottage
D:5:      layout_gridville, mainiacjoe_overflow_tiny_flanked, minivault_5,
          uniq_sigmund
D:6:      layout_cave_pods, nicolae_uskayaw_en_pointe, dreamdust_gnoll_farm
D:7:      cheibrodos_fzero, layout_gridville

Skill      XL: |  1  2  3  4  5  6  7  8 |
---------------+-------------------------+-----
Axes           | 3 4 5 6 8 9 |  9.3
Fighting       | 4 5 6 |  6.6
Shields        | 4 5 |  5.0
Armour         | 4 5 6 |  6.1

Action                   |  1- 3 |  4- 6 |  7- 9 || total
-------------------------+-------+-------+-------++-------
Melee: War axe           |    58 |   127 |   131 ||   316
  Use: Scroll            |       |     4 |     1 ||     5
       Potion            |       |     3 |       ||     3
Armor: Scale mail        |    42 |     1 |       ||    43
       Plate armour      |       |    79 |   119 ||   198
       Skin              |       |     5 |       ||     5
Dodge: Dodged            |    34 |    35 |    61 ||   130
Block: Buckler           |    16 |    28 |    43 ||    87

Table legend: (Time is in decaauts)
 A = Elapsed time spent in this place.
 B = Non-inter-level travel time spent in this place.
 C = Inter-level travel time spent in this place.
 D = Time resting spent in this place.
 E = Time spent auto-exploring this place.
 F = Levels seen in this place.
 G = Mean time per level.
                   A        B        C        D        E       F      G
               +--------+--------+--------+--------+--------+-----+--------+
         Total |   3868 |   3638 |    230 |    402 |   2492 |   7 |  552.6 |
       Dungeon |   3868 |   3638 |    230 |    402 |   2492 |   7 |  552.6 |
               +--------+--------+--------+--------+--------+-----+--------+

Top non-repeatable levels by time:
     D:5: 997 daAuts
     D:6: 900 daAuts
     D:4: 835 daAuts
     D:3: 573 daAuts
     D:1: 258 daAuts
     D:2: 189 daAuts
     D:7: 114 daAuts
